AoeStats
← mexgags

Arabia

509935617Analyzed
2v2 RM · 3d ago on Sep 28, 2026· 47m 9s· 4 players
Game mode
Random Map
Map size
Medium (4 player)
Population
200
Speed
Normal
Resources
Standard
Victory
Conquest
Starting age
Dark Age
Ending age
Imperial Age
RankedLock teamsTeams togetherTeam positionsShared explorationLock speedFull tech treeHidden civsTurbo modeCheats
Victory
Defeat
🇺🇦 Portuguese · Ukraine
731
+15
🇺🇦 Maya · Ukraine
697
+15
🇩🇪 Cumans · Germany
700
-15
🇩🇪 Huns · Germany
699
-15
mexgags
0:32 Loom
11:51 Feudal Age
12:30 Double-Bit Axe
12:26 Horse Collar
13:23 Wheelbarrow
24:21 Castle Age
23:55 Padded Archer Armor
24:40 Forging
25:42 Scale Barding Armor
25:50 Fletching
26:26 Leather Archer Armor
28:59 Hand Cart
28:29 Town Watch
32:32 Bloodlines
35:19 Imperial Age
33:50 Heavy Plow
34:04 Bow Saw
37:15 Stone Mining
37:15 Gold Mining
38:01 Crop Rotation
38:36 Two-Man Saw
39:12 Gold Shaft Mining
38:46 Steppe Husbandry
39:07 Conscription
40:23 Parthian Tactics
41:32 Ballistics
41:16 Town Patrol
42:08 Elite Steppe Lancer
43:19 Chain Barding Armor
Heinrich Hungrig
1:02 Loom
13:08 Feudal Age
13:30 Horse Collar
19:38 Castle Age
18:23 Double-Bit Axe
21:34 Bow Saw
21:26 Heavy Plow
29:21 Wheelbarrow
31:37 Caravan
36:21 Imperial Age
34:09 Husbandry
36:33 Scale Barding Armor
36:30 Padded Archer Armor
36:21 Fletching
36:43 Forging
36:48 Gold Mining
36:51 Stone Mining
39:11 Gold Shaft Mining
39:41 Two-Man Saw
38:45 Marauders
38:16 Elite Tarkan
39:18 Atheism
39:31 Hand Cart
40:20 Bloodlines
40:28 Leather Archer Armor
40:09 Bodkin Arrow
40:37 Chain Barding Armor
44:16 Plate Barding Armor
44:58 Heavy Cavalry Archer
46:06 Parthian Tactics
BigDog
7:30 Loom
12:31 Feudal Age
13:17 Double-Bit Axe
15:00 Horse Collar
15:30 Gold Mining
22:19 Castle Age
22:36 Forging
22:29 Scale Mail Armor
24:53 Bow Saw
24:38 Eagle Warrior
27:26 Heavy Plow
29:39 Stone Mining
33:20 Imperial Age
33:27 Imperial Age
33:51 Wheelbarrow
33:08 Town Watch
34:26 Chain Mail Armor
34:46 Iron Casting
34:55 Fervor
34:58 Capped Ram
36:22 Siege Ram
38:30 Hand Cart
38:17 Town Patrol
37:44 Elite Eagle Warrior
40:26 Murder Holes
40:53 Ballistics
41:34 Chemistry
40:45 Squires
41:56 Blast Furnace
41:26 Plate Mail Armor
40:50 Fletching
40:59 Pikeman
42:19 Conscription
44:55 Halberdier
tupak
5:34 Loom
10:02 Feudal Age
10:31 Double-Bit Axe
11:23 Wheelbarrow
10:33 Town Watch
10:31 Horse Collar
12:29 Man-at-Arms
17:29 Forging
17:20 Scale Mail Armor
21:08 Castle Age
22:47 Hand Cart
21:56 Long Swordsman
23:19 Iron Casting
22:56 Heavy Plow
24:24 Chain Mail Armor
24:51 Pikeman
27:03 Town Patrol
33:11 Imperial Age
32:38 Gold Mining
32:38 Stone Mining
33:56 Treadmill Crane
34:39 Ballistics
35:20 Chemistry
34:50 Fletching
36:01 Blast Furnace
35:32 Plate Mail Armor
36:04 Bow Saw
36:31 Crop Rotation
36:29 Conscription
35:54 Two-Handed Swordsman
37:52 Stone Shaft Mining
37:48 Bodkin Arrow
37:55 Murder Holes
41:34 Bracer
44:16 Halberdier
46:28 Siege Engineers
Connection lost

Rejoining the realm…

Still unreachable

The connection could not be restored.

Session expired

The server has moved on; the page needs a fresh start.